[Event "*** Titled Tuesday Blitz"]
[Site "Chess.com"]
[Date "2021.02.02"]
[Round "1"]
[White "svilson23"]
[Black "chegueps"]
[Result "1-0"]
[WhiteElo "2258"]
[BlackElo "2527"]
[TimeControl "180+1"]
[EndTime "10:05:54 PST"]
[Termination "svilson23 won by resignation"]

1. e4 e5 2. Nf3 Nc6 3. Nc3 d6 4.
d4 exd4 5. Nxd4 Bd7 6. Be3 Nf6 7. f3 g6 8. Qd2 Bg7 9. O-O-O a6 10. Kb1 Qe7 11. g4 O-O-O 12. h4 Nxd4 13. Bxd4 Bc6 14. Nd5 Bxd5 15. exd5 Rhe8 16. Bh3 Kb8 17. Rhe1 Qf8 18.
g5 Nd7 19. Bxg7 Qxg7 20. Rxe8 Rxe8 21. Bxd7 Re7 22. Bg4 Qe5 23. a3 Qg3 24. Qd4 Qxh4 25. Qf6 Re1 26. Rxe1 Qxe1+ 27. Ka2 Qd2 28. Qd8+ Ka7 29. Qxc7 Qxd5+ 30. c4 Qxg5 31. Bc8 1-0

[Event "*** Titled Tuesday Blitz"]
[Site "Chess.com"]
[Date "2021.02.02"]
[Round "1"]
[White "NodariousBIG"]
[Black "Unknown_IM"]
[Result "1-0"]
[WhiteElo "2773"]
[BlackElo "2403"]
[TimeControl "180+1"]
[EndTime "10:05:56 PST"]
[Termination "NodariousBIG won by resignation"]

1. e4 e5 2. Nf3 Nc6 3. d4 exd4 4. Nxd4 Qf6 5. Nxc6 Bc5 6. Qf3 bxc6 7. Nd2 d5 8.
exd5 Qxf3 9. Nxf3 cxd5 10. Bf4 c6 11. Ne5 Bd7 12. Bd3 Nf6 13. O-O h6 14. Nxd7 Kxd7 15.
Bf5+ Kd8 16. c4 d4 17. a3 a5 18. b4 Bb6 19. Be5 Re8 20. f4 c5 21. bxc5 Bxc5 22.
Rfd1 Rxe5 23. fxe5 Nd7 24. Rab1 Bxa3 25. Rb5 Ke7 26. Bxd7 Kxd7 27. Rxd4+ Ke6 28. Rdd5 Rc8 29. Rb6+ Ke7 30. Rb7+ Ke6 31. Rxa5 Rxc4 32. Rxa3 1-0

[Event "*** Titled Tuesday Blitz"]
[Site "Chess.com"]
[Date "2021.02.02"]
[Round "1"]
[White "ehrenfeld"]
[Black "rududuyk"]
[Result "1-0"]
[WhiteElo "2517"]
[BlackElo "2152"]
[TimeControl "180+1"]
[EndTime "10:05:57 PST"]
[Termination "ehrenfeld won by checkmate"]

1. e4 e6 2. d4 d5 3. e5 c5 4. c3 Nc6 5. Nf3 Bd7 6. Be2 Qb6 7. dxc5 Bxc5 8. O-O h5 9. b4 Be7 10. Bf4 Nh6 11.
Nbd2 Nf5 12. Bd3 g6 13. Nb3 Rc8 14. a4 a5 15. b5 Nb8 16. Qd2 Qd8 17. Rac1 O-O 18.
Bxf5 exf5 19. Rfe1 Rc4 20. Ra1 Be6 21. Nbd4 Qc8 22.
Bg5 Qd8 23. Bxe7 Qxe7 24. Qh6 Rfc8 25. Ng5 Qf8 26. Qh7# 1-0

[Event "*** Titled Tuesday Blitz"]
[Site "Chess.com"]
[Date "2021.02.02"]
[Round "1"]
[White "mjray79"]
[Black "SkippingLaptop"]
[Result "1-0"]
[WhiteElo "2506"]
[BlackElo "2102"]
[TimeControl "180+1"]
[EndTime "10:05:57 PST"]
[Termination "mjray79 won by checkmate"]

1. d4 Nf6 2. c4 g6 3. Nc3 d5 4. cxd5 Nxd5 5. e4 Nxc3 6. bxc3 Bg7 7. Bc4 c5 8. Be3 O-O 9. Ne2 Nc6 10. O-O b6 11.
Qd2 cxd4 12. cxd4 Bb7 13. f3 e6 14. Rac1 Rc8 15. Rfd1 Na5 16. Bd3 f5 17. Nf4 Qe7 18. d5 exd5 19. exd5 Bh6 20. Bb5 Bxf4 21. Bxf4 Rc5 22.
d6 Qf6 23. Rxc5 bxc5 24. d7 Qd4+ 25. Qxd4 cxd4 26. Rxd4 Bc6 27. d8=Q Rxd8 28. Rxd8+ Kf7 29. Bxc6 Nxc6 30. Rd7+ Ke6 31. Rxh7 Nd4 32. Kf2 Nb5 33.
Rb7 Nc3 34. Rxa7 Kd5 35. Ra6 Nd1+ 36. Ke1 Nc3 37. Rxg6 Nxa2 38. Bd2 Kc5 39. Ra6 Nb4 40. Bxb4+ Kxb4 41. Rf6 Kc4 42. Rxf5 Kd3 43. h4 Ke3 44. h5 Kd4 45. h6 Kc4 46. h7 Kd3 47. h8=Q Kc2 48.
Qc8+ Kd3 49. Rd5+ Ke3 50. Qe6+ Kf4 51. Rf5+ Kg3 52. Qg6+ Kh2 53. g4 Kg1 54. g5 Kg2 55. Rf4 Kg3 56. Rg4+ Kh2 57. Qh5# 1-0

[Event "*** Titled Tuesday Blitz"]
[Site "Chess.com"]
[Date "2021.02.02"]
[Round "1"]
[White "Skat2704"]
[Black "WiktoriaPOL"]
[Result "1-0"]
[WhiteElo "2491"]
[BlackElo "1994"]
[TimeControl "180+1"]
[EndTime "10:05:57 PST"]
[Termination "Skat2704 won on time"]

1. d4 d5 2. Nf3 Nf6 3. c4 e6 4. Nc3 Be7 5. Bg5 O-O 6. e3 h6 7.
Bh4 b6 8. Bd3 dxc4 9. Bxc4 c5 10. O-O Bb7 11. Rc1 Nc6 12. Bg3 Rc8 13. Qe2 cxd4 14. Rfd1 Qd7 15. Nb5 Rfd8 16. Nbxd4 Nxd4 17. Nxd4 Qe8 18. Bb5 Qf8 19. Bc7 Rd5 20. Ba6 Bxa6 21.
Qxa6 Ra5 22. Qb7 Bc5 23. Nb3 Rxa2 24. Nxc5 bxc5 25. Bd6 Qe8 26. Bxc5 Ra5 27. b4 Ra2 28. h3 Qc6 29. Rd8+ Ne8 30. Qxc8 Qxc8 31. Rxc8 1-0

[Event "*** Titled Tuesday Blitz"]
[Site "Chess.com"]
[Date "2021.02.02"]
[Round "1"]
[White "wonderfultime"]
[Black "ZEN-22"]
[Result "1-0"]
[WhiteElo "3010"]
[BlackElo "2475"]
[TimeControl "180+1"]
[EndTime "10:05:58 PST"]
[Termination "wonderfultime won by resignation"]

1. d4 Nf6 2. Nf3 c5 3. c3 d5 4. Bf4 Nc6 5. e3 Bg4 6. Qb3 Qd7 7. Ne5 Qc8 8. Nxg4 Nxg4 9. Qxd5 cxd4 10. exd4 e6 11. Qf3 e5 12. dxe5 Bc5 13. Bg3 O-O 14. Be2 Ncxe5 15. Qe4 Re8 16. O-O f5 17. Qd5+ Kh8 18. Bxg4 Nxg4 19. h3 f4 20. Bh4 Re5 21. Qf3 Ne3 22. Re1 Nxg2 23. Rxe5 Nxh4 24. Qe4 Qxh3 25. Re8+ Bf8 26. Rxa8 Qg4+ 27. Kh2 Ng6 28. Nd2 h5 29. Nf3 Kh7 30. Rg1 1-0

[Event "*** Titled Tuesday Blitz"]
[Site "Chess.com"]
[Date "2021.02.02"]
[Round "1"]
[White "ShahMatKanal"]
[Black "EvgenyT"]
[Result "0-1"]
[WhiteElo "2470"]
[BlackElo "2985"]
[TimeControl "180+1"]
[EndTime "10:05:59 PST"]
[Termination "EvgenyT won by resignation"]

1. d4 Nf6 2. Nf3 b6 3. g3 Bb7 4. Bg2 c5 5. dxc5 bxc5 6. c4 g6 7. b3 Bg7 8. Bb2 O-O 9. O-O d6 10. Nc3 Nbd7 11. Qc2 Rb8 12. Rad1 Qa5 13. Qc1 Rfc8 14.
Qa1 Ne4 15. Nd5 Bxb2 16. Nxe7+ Kf8 17. Nxg6+ hxg6 18. Qxb2 Qc3 19. Qb1 Qf6 20. Qc2 Re8 21. h4 Kg7 22. Rd3 Ne5 23. Nxe5 Rxe5 24. Rf3 Qe7 25.
Rf4 Re8 26. e3 Nf6 27. Rd1 Bxg2 28. Kxg2 Qb7+ 29. Kg1 Nh5 30. Rg4 Qf3 31. Rg5 Rxg5 32. hxg5 Nxg3 33. fxg3 Rh8 34. Qc3+ Kg8 35. Qxh8+ Kxh8 0-1

[Event "*** Titled Tuesday Blitz"]
[Site "Chess.com"]
[Date "2021.02.02"]
[Round "1"]
[White "alejogarcia1999"]
[Black "Alexsur1981"]
[Result "0-1"]
[WhiteElo "2436"]
[BlackElo "2845"]
[TimeControl "180+1"]
[EndTime "10:06:00 PST"]
[Termination "Alexsur1981 won by resignation"]

1. Nf3 Nf6 2. g3 g6 3. Bg2 Bg7 4. O-O O-O 5. c4 d6 6. Nc3 c6 7. Rb1 a5 8. a3 e5 9. b4 axb4 10. axb4 h6 11. b5 Be6 12. bxc6 bxc6 13. d3 Nbd7 14. Nd2 Qc7 15. Qc2 Kh7 16. Nf3 d5 17. Nd1 dxc4 18. dxc4 Bf5 19. e4 Bxe4 20. Ng5+ hxg5 21.
Bxe4 Nxe4 22. Qxe4 f5 23. Qc2 g4 24. Nb2 e4 25.
Bf4 Be5 26. Bxe5 Nxe5 27. Na4 Qe7 28. Nb6 Rad8 29. Rfd1 Qg5 30. Rxd8 Rxd8 31. Rd1 Nf3+ 32. Kg2 Qh5 33. h4 gxh3+ 34. Kh1 Ne5 35. Rg1 Qf3+ 36.
Kh2 Ng4+ 37. Kxh3 Rh8 0-1

[Event "*** Titled Tuesday Blitz"]
[Site "Chess.com"]
[Date "2021.02.02"]
[Round "1"]
[White "saraswathii"]
[Black "Blitzstream"]
[Result "1-0"]
[WhiteElo "2430"]
[BlackElo "2745"]
[TimeControl "180+1"]
[EndTime "10:06:01 PST"]
[Termination "saraswathii won by resignation"]

1. e4 d5 2. exd5 Qxd5 3. d4 Nc6 4. Nf3 Bg4 5. c3 O-O-O 6. Be3 e5 7. Be2 exd4 8. cxd4 Nf6 9. Nc3 Qh5 10. Qa4 Bd6 11. h3 Rhe8 12. O-O-O Bd7 13. Ne5 Qh4 14. g3 Bxe5 15. gxh4 Bd6 16. d5 Nb4 17. Qxa7 Bf5 18. a3 Nc2 19. Bb5 c6 20. dxc6 Re7 21. cxb7+ Rxb7 22.
Ba6 Rd7 23. Qxb7+ Rxb7 24. Rxd6 Ne4 25. Bxb7+ Kxb7 26. Rd5 Bg6 27. h5 Nxc3 28. bxc3 Nxe3 29. hxg6 Nxd5 30. gxf7 1-0

[Event "*** Titled Tuesday Blitz"]
[Site "Chess.com"]
[Date "2021.02.02"]
[Round "1"]
[White "Vugar_Manafov"]
[Black "tylityli"]
[Result "1-0"]
[WhiteElo "2658"]
[BlackElo "2354"]
[TimeControl "180+1"]
[EndTime "10:06:04 PST"]
[Termination "Vugar_Manafov won by resignation"]

1. Nf3 Nf6 2. g3 d5 3. Bg2 Nc6 4. O-O e5 5. d3 Be7 6. Nc3 O-O 7. e4 d4 8. Ne2 h6 9. Nd2 Nh7 10. f4 f5 11. exf5 Bxf5 12. Nc4 exf4 13. Nxf4 Ng5 14. h4 Ne6 15. Bd5 Rf6 16. Qe2 Qd7 17. Re1 Nd8 18. g4 c6 19. gxf5 cxd5 20. fxe6 Qc7 21. Ne5 Nxe6 22.
Nxd5 Qd8 23. Nxf6+ Bxf6 24. Nc6 bxc6 25. Qxe6+ Kh8 26.
Bf4 Bxh4 27. Re2 Qa5 28. Qe5 Qa6 29. Bxh6 Qb7 30. Rh2 Qf7 31. Rxh4 Qg6+ 32. Bg5+ Kg8 33. Re1 1-0

[Event "*** Titled Tuesday Blitz"]
[Site "Chess.com"]
[Date "2021.02.02"]
[Round "1"]
[White "AustrianFalcon"]
[Black "mamonika"]
[Result "1-0"]
[WhiteElo "2494"]
[BlackElo "2035"]
[TimeControl "180+1"]
[EndTime "10:06:04 PST"]
[Termination "AustrianFalcon won on time"]

1. e4 c5 2. Nf3 e6 3. d4 cxd4 4. Nxd4 Nf6 5. Nc3 d6 6. g4 Nc6 7. g5 Nd7 8. Ndb5 Nc5 9. Bf4 Ne5 10. b4 Na6 11. a3 Be7 12. Bg3 O-O 13. f4 Nc6 14. h4 Qb6 15. Bf2 Qd8 16. Bd3 Bd7 17. h5 f5 18. exf5 exf5 19. h6 g6 20. Nd5 Be6 21. Qf3 Qd7 22. O-O-O Rae8 23. Rhe1 Bd8 24.
Bc4 1-0

[Event "*** Titled Tuesday Blitz"]
[Site "Chess.com"]
[Date "2021.02.02"]
[Round "1"]
[White "tigra"]
[Black "erdni1993"]
[Result "1-0"]
[WhiteElo "2869"]
[BlackElo "2445"]
[TimeControl "180+1"]
[EndTime "10:06:05 PST"]
[Termination "tigra won by resignation"]

1. e4 c5 2. Nf3 e6 3. d4 cxd4 4. Nxd4 Nc6 5. Nc3 Qc7 6. Ncb5 Qb8 7. c4 Nf6 8. Bd3 a6 9. Nxc6 bxc6 10. Nd4 e5 11. Nf5 d5 12. cxd5 cxd5 13. Qe2 Bb4+ 14. Bd2 Bxf5 15. exf5 Bxd2+ 16. Qxd2 e4 17. Be2 O-O 18.
O-O Qe5 19. Rfd1 Qxf5 20. b4 Rfd8 21. Qd4 a5 22. b5 Qe6 23. Rac1 Rac8 24. h3 h5 25. b6 Rxc1 26. Rxc1 Rb8 27. Rb1 Nd7 28. b7 Qc6 29. Qa7 Qc2 30. Re1 Qd2 31. Kf1 Qb4 32.
Ba6 g6 33. g3 f5 34. Rc1 Qd6 35. Bb5 Nb6 36. Rc6 Rxb7 37. Qxb7 1-0

[Event "*** Titled Tuesday Blitz"]
[Site "Chess.com"]
[Date "2021.02.02"]
[Round "1"]
[White "Chessbard1972"]
[Black "CaptainCasanova"]
[Result "1-0"]
[WhiteElo "2402"]
[BlackElo "2721"]
[TimeControl "180+1"]
[EndTime "10:06:05 PST"]
[Termination "Chessbard1972 won by resignation"]

1. e4 e6 2. d4 d5 3. e5 c5 4. dxc5 Nc6 5. Nf3 Bxc5 6. Bd3 Nge7 7. Bf4 h6 8. h4 Qb6 9. O-O Qxb2 10. Nbd2 Qb6 11.
c4 Qc7 12. Rc1 Bb6 13. Bg3 Bd7 14. cxd5 Nxd5 15. Nc4 O-O 16. Bb1 Qd8 17. Qd3 g6 18. h5 Nce7 19. Bh4 Bb5 20. hxg6 fxg6 21. Nd4 Nf4 22.
Nxb5 Nf5 23. Bxd8 Nxd3 24. Bxd3 Rfxd8 25. Bxf5 gxf5 26. Rfd1 Kg7 27. Nxb6 axb6 28. Rc7+ Kg6 29. Rxd8 Rxd8 30. Nd6 Ra8 31. Rxb7 Rxa2 32. Rxb6 f4 33.
Rb4 Kg5 34. Nf7+ Kf5 35. f3 h5 36. Re4 Ra7 37. Nd6+ Kg5 38. Kh2 Ra1 39. Ne8 h4 40. Ng7 Ra6 41. Rd4 Kg6 42. Rd6 Ra5 43. Nxe6 Kf5 44.
Nd4+ Kxe5 45. Nc6+ Kxd6 46. Nxa5 1-0

[Event "*** Titled Tuesday Blitz"]
[Site "Chess.com"]
[Date "2021.02.02"]
[Round "1"]
[White "JiiHart"]
[Black "boasovietica"]
[Result "0-1"]
[WhiteElo "2103"]
[BlackElo "2505"]
[TimeControl "180+1"]
[EndTime "10:06:05 PST"]
[Termination "boasovietica won by resignation"]

1. e4 e5 2. Nf3 Nc6 3. Bb5 f5 4. d3 fxe4 5. dxe4 Nf6 6. O-O Bc5 7. Bg5 d6 8. Nbd2 O-O 9. c3 Qe8 10. b4 Bb6 11. Bd3 Qh5 12. a4 a5 13. Nc4 Bg4 14. Nxb6 cxb6 15. Be3 Rad8 16. Qb3+ Kh8 17. Nd2 d5 18.
exd5 Nxd5 19. Ne4 axb4 20. c4 Nc3 21. Bxb6 Rxd3 0-1

[Event "*** Titled Tuesday Blitz"]
[Site "Chess.com"]
[Date "2021.02.02"]
[Round "1"]
[White "Lagmantr"]
[Black "smshk35"]
[Result "1-0"]
[WhiteElo "2756"]
[BlackElo "2399"]
[TimeControl "180+1"]
[EndTime "10:06:06 PST"]
[Termination "Lagmantr won by resignation"]

1. Nc3 d5 2. e4 d4 3. Nce2 e5 4. d3 Bb4+ 5. c3 Bc5 6. f4 Bg4 7. fxe5 Nc6 8. Bf4 Nge7 9. Nf3 Bxf3 10. gxf3 Ng6 11. Bg3 Ngxe5 12. f4 Nf3+ 13. Kf2 Nh4 14. b4 Bb6 15. b5 dxc3+ 16. d4 Nxd4 17. Nxd4 Bxd4+ 18. Ke2 c2 19. Qe1 Bxa1 20. Qxa1 O-O 21.
Rg1 Nf3 22. Kxf3 Qd1+ 23. Be2 Qxa1 24. Rxa1 a6 25. bxa6 bxa6 26. Rc1 f5 27. e5 Rfd8 28.
Rxc2 Rd4 29. Rxc7 Ra4 30. Bf2 Ra3+ 31. Be3 Kh8 32. Bc4 h5 33. Bb3 Rd8 34. e6 a5 35.
e7 Re8 36. Rd7 1-0

[Event "*** Titled Tuesday Blitz"]
[Site "Chess.com"]
[Date "2021.02.02"]
[Round "1"]
[White "Ziyamammadov"]
[Black "awesomevishesh"]
[Result "0-1"]
[WhiteElo "1739"]
[BlackElo "2480"]
[TimeControl "180+1"]
[EndTime "10:06:06 PST"]
[Termination "awesomevishesh won by checkmate"]

1. e4 c5 2. Nf3 d6 3. d4 cxd4 4. Nxd4 Nf6 5. Nc3 a6 6. f3 e5 7. Nb3 a5 8. Be3 a4 9. Bb5+ Bd7 10. Bxd7+ Nbxd7 11. Nd2 a3 12. b3 Qa5 13. Ne2 d5 14.
O-O Bc5 15. Bxc5 Qxc5+ 16. Kh1 O-O 17. exd5 Nxd5 18. Ne4 Qc6 19. Qd2 f5 20. Ng5 h6 21.
Nh3 f4 22. Nf2 Ne3 23. Rfc1 Nf6 24. c4 Rad8 25. Qb4 e4 26. Nxf4 exf3 27. g3 Nfg4 28. N4h3 Nxf2+ 29. Nxf2 Ng4 30. Rf1 Rfe8 31. c5 Nxf2+ 32.
Rxf2 Re2 33. Raf1 Rxf2 34. Qc4+ Kh8 35. Rxf2 Rd1+ 36. Qf1 Rxf1+ 37. Rxf1 f2# 0-1

[Event "*** Titled Tuesday Blitz"]
[Site "Chess.com"]
[Date "2021.02.02"]
[Round "1"]
[White "Orest_Vovk"]
[Black "exoticprincess"]
[Result "1-0"]
[WhiteElo "2467"]
[BlackElo "2857"]
[TimeControl "180+1"]
[EndTime "10:06:09 PST"]
[Termination "Orest_Vovk won by resignation"]

1. g4 d5 2. h3 c6 3. Bg2 e5 4. d4 e4 5. c4 Be6 6. Nc3 Na6 7. Qb3 Bb4 8. cxd5 Bxd5 9. Qc2 e3 10.
Bxd5 exf2+ 11. Kxf2 cxd5 12. Qa4+ Kf8 13. Nf3 Nf6 14.
Bg5 Bxc3 15. Bxf6 Qxf6 16. bxc3 Re8 17. Qd7 Qe7 18. Qxd5 h5 19. Ne5 Rh6 20. Kg2 Nc7 21. Qb3 Rb6 22. Qc4 Kg8 23. Raf1 Re6 24. Rxf7 Qg5 25.
Qxc7 h4 26. Rhf1 Qh6 27. R1f5 g6 28. R5f6 Qe3 29. Rg7+ 1-0

[Event "*** Titled Tuesday Blitz"]
[Site "Chess.com"]
[Date "2021.02.02"]
[Round "1"]
[White "marvinguevara"]
[Black "r31415"]
[Result "0-1"]
[WhiteElo "2130"]
[BlackElo "2510"]
[TimeControl "180+1"]
[EndTime "10:06:10 PST"]
[Termination "r31415 won by checkmate"]

1. e4 c6 2. d4 d5 3. exd5 cxd5 4. c4 Nf6 5. Nc3 e6 6. c5 b6 7.
b4 a5 8. Na4 Nfd7 9. Bb5 Ba6 10. Bxa6 Nxa6 11. b5 Nc7 12. Be3 Nxb5 13. Qb3 Na7 14.
cxb6 Rb8 15. Bf4 Rb7 16. bxa7 Rxb3 17. axb3 Bb4+ 18. Ke2 Qc8 19. Bb8 Qa6+ 20. Kf3 O-O 21. Ne2 Qd3+ 22. Kf4 Bd2+ 23. Kg4 Nf6+ 24. Kh4 g5# 0-1

[Event "*** Titled Tuesday Blitz"]
[Site "Chess.com"]
[Date "2021.02.02"]
[Round "1"]
[White "chessablanca"]
[Black "ailime26"]
[Result "1-0"]
[WhiteElo "2497"]
[BlackElo "2056"]
[TimeControl "180+1"]
[EndTime "10:06:10 PST"]
[Termination "chessablanca won on time"]

1. Nf3 d5 2. c4 c6 3. e3 Nf6 4. Nc3 e6 5. d4 Be7 6. Be2 O-O 7.
O-O Nbd7 8. Qc2 b6 9. b3 Bb7 10.
Bb2 c5 11. Rfd1 Rc8 12. Rac1 Qc7 13. dxc5 Nxc5 14. Nb5 Qb8 15. Be5 Qa8 16. Nc7 Rxc7 17. Bxc7 dxc4 18. bxc4 Be4 19. Qb2 Na4 20. Qa1 Qc6 21.
Be5 Rc8 22. Nd4 Qc5 23. Nb3 Qa3 24. f3 Bg6 25. Bd3 Bxd3 26. Rxd3 Ne8 27. Rd7 Bg5 28. f4 Be7 29. Rxa7 f6 30. Bb2 1-0

[Event "*** Titled Tuesday Blitz"]
[Site "Chess.com"]
[Date "2021.02.02"]
[Round "1"]
[White "SHIVACalypso"]
[Black "ftorodent"]
[Result "0-1"]
[WhiteElo "2375"]
[BlackElo "2700"]
[TimeControl "180+1"]
[EndTime "10:06:11 PST"]
[Termination "ftorodent won by resignation"]

1. Nf3 d5 2. c4 e6 3. g3 Nf6 4.
Bg2 Be7 5. O-O O-O 6. d4 c6 7. Nc3 Nbd7 8. Qc2 dxc4 9. Nd2 Nb6 10. e3 c5 11. Ne2 cxd4 12. Nxd4 e5 13. Nb5 a6 14.
Nc3 Qc7 15. Nde4 Nxe4 16. Nxe4 Be6 17. Bd2 f5 18. Nc3 Rad8 19. Rfd1 Bf6 20. Rac1 Rd7 21. Na4 Nd5 22. b3 b5 23. bxc4 bxc4 24. a3 Rc8 25. Bb4 Nxb4 26. axb4 Rxd1+ 27. Rxd1 Be7 28. Qc3 Rb8 29.
Bd5 Bxd5 30. Rxd5 Bxb4 31. Qxe5 Qxe5 32. Rxe5 c3 33. Re6 c2 34. Rc6 Bc3 35. Rxc3 Rb1+ 36. Kg2 c1=Q 37. Rxc1 Rxc1 38. Nb6 a5 39. Nd5 0-1

[Event "*** Titled Tuesday Blitz"]
[Site "Chess.com"]
[Date "2021.02.02"]
[Round "1"]
[White "Ladislav1969"]
[Black "Vesper2018"]
[Result "0-1"]
[WhiteElo "2314"]
[BlackElo "2615"]
[TimeControl "180+1"]
[EndTime "10:06:11 PST"]
[Termination "Vesper2018 won by checkmate"]

1. e4 c5 2. d4 cxd4 3. c3 dxc3 4. Nxc3 Nc6 5. Nf3 d6 6. Bc4 e6 7. O-O Nf6 8. Qe2 a6 9. Rd1 Qc7 10. Bf4 Nh5 11. Bg5 h6 12. Be3 Be7 13. Rac1 O-O 14. Nd4 Nf6 15. Nxc6 bxc6 16. e5 dxe5 17. Na4 Rb8 18.
Nc5 Nd5 19. Bxa6 Bxc5 20. Bxc5 Rd8 21. b3 Bxa6 22. Qxa6 Ra8 23. Qe2 Nf4 24. Qf3 Rd5 25.
a4 Rad8 26. Re1 Nd3 27. b4 Nxc1 28. Rxc1 e4 29. Qe2 Rd2 30. Qe1 Qd7 31. g3 Qd3 32. Qe3 Rd1+ 33. Kg2 Qf1# 0-1

[Event "*** Titled Tuesday Blitz"]
[Site "Chess.com"]
[Date "2021.02.02"]
[Round "1"]
[White "BilodeauA"]
[Black "DanilNajdin"]
[Result "1-0"]
[WhiteElo "2870"]
[BlackElo "2449"]
[TimeControl "180+1"]
[EndTime "10:06:14 PST"]
[Termination "BilodeauA won by resignation"]

1. e4 e5 2. Nf3 Nc6 3. Bb5 a6 4. Ba4 Nf6 5. O-O b5 6. Bb3 Bc5 7. c3 d6 8. d3 h6 9. Be3 O-O 10. Nbd2 Bxe3 11. fxe3 d5 12. exd5 Nxd5 13. Qe1 Nf6 14.
d4 exd4 15. exd4 Re8 16. Qg3 Be6 17. Bc2 Bd5 18. Ne5 Nxe5 19. dxe5 Nd7 20. Qd3 Rxe5 21. Qh7+ Kf8 22. Nf3 Bxf3 23. Rxf3 Nf6 24. Qh8+ Ng8 25. Bh7 Ke7 26. Qxg7 Qd5 27. Bxg8 Rxg8 28. Qxg8 Rg5 29.
Re1+ 1-0

[Event "*** Titled Tuesday Blitz"]
[Site "Chess.com"]
[Date "2021.02.02"]
[Round "1"]
[White "Oligan22"]
[Black "AntonovaNadezhda"]
[Result "1-0"]
[WhiteElo "2520"]
[BlackElo "2175"]
[TimeControl "180+1"]
[EndTime "10:06:15 PST"]
[Termination "Oligan22 won on time"]

1. e4 c5 2. Nf3 d6 3. Bb5+ Nd7 4.
Ba4 a6 5. c4 Nf6 6. Nc3 g6 7. O-O Bg7 8. d3 O-O 9. a3 b6 10. h3 Bb7 11. Rb1 Rc8 12. Be3 Qc7 13. Qd2 Rfd8 14. Rfc1 e6 15. b4 Qb8 16. Bh6 Bh8 17. Bf4 Ne5 18. Qe2 Nfd7 19. Bg5 Rf8 20.
bxc5 Nxf3+ 21. Qxf3 Ne5 22. Qe2 bxc5 23. Be7 Nc6 24. Bxc6 Rxc6 25. Bxf8 Kxf8 26. Qb2 Rc7 27. Qb6 Qd8 28. Rb3 Bd4 29. Ne2 Bf6 30. Rcb1 Qd7 31.
Qa5 Bd8 32. Rxb7 Rxb7 33. Rxb7 1-0

[Event "*** Titled Tuesday Blitz"]
[Site "Chess.com"]
[Date "2021.02.02"]
[Round "1"]
[White "LenkaPtacnikova"]
[Black "GiorgianBarbosa"]
[Result "0-1"]
[WhiteElo "2112"]
[BlackElo "2506"]
[TimeControl "180+1"]
[EndTime "10:06:15 PST"]
[Termination "GiorgianBarbosa won by resignation"]

1. c4 Nf6 2. g3 g6 3. Bg2 Bg7 4. Nc3 O-O 5. d3 d6 6. e4 c5 7. Nge2 Ne8 8. Be3 Nc7 9. d4 cxd4 10. Nxd4 Ne6 11. O-O Nc6 12. Nde2 a5 13. Qd2 Nc5 14. Rad1 a4 15. Nd5 Ne5 16. Rc1 Ncd3 17. Rc2 Nxb2 18. Nb6 Be6 19. Rxb2 Nxc4 20. Nxc4 Bxc4 21. Bd4 Bxe2 22.
Qxe2 Bxd4 23. Rxb7 e5 24. Rfb1 a3 25. Qf3 Rc8 26.
Qd3 Rc3 27. Qd2 Qc8 28. Qd1 Rc2 29. Rb8 Qc5 30. Rxf8+ Kxf8 31. Rb8+ Kg7 32. Rb7 Rc1 0-1

[Event "*** Titled Tuesday Blitz"]
[Site "Chess.com"]
[Date "2021.02.02"]
[Round "1"]
[White "DrVelja"]
[Black "Angel_Hranitel_37"]
[Result "1-0"]
[WhiteElo "2902"]
[BlackElo "2460"]
[TimeControl "180+1"]
[EndTime "10:06:17 PST"]
[Termination "DrVelja won by resignation"]

1. e4 c6 2. d4 d5 3. exd5 cxd5 4. Bd3 Nc6 5. c3 Qc7 6. h3 e6 7. Nf3 Bd6 8. O-O Nge7 9. Re1 O-O 10. Nbd2 Ng6 11. Nf1 b6 12. Qc2 e5 13. dxe5 Ncxe5 14. Nxe5 Bxe5 15. Ne3 Be6 16. Nf5 Rac8 17. Be3 Bh2+ 18.
Kh1 Ne5 19. Ba6 Rcd8 20. Bd4 Bf4 21. Nxg7 Kxg7 22. g3 f6 23. gxf4 Nf3 24. Qd3 Nxd4 25.
Qxd4 Bxh3 26. Re3 Bf5 27. Rg1+ Kh8 28. Reg3 Rd7 29. Qxf6+ Rg7 30. Qxf8+ 1-0

[Event "*** Titled Tuesday Blitz"]
[Site "Chess.com"]
[Date "2021.02.02"]
[Round "1"]
[White "kagg1125"]
[Black "Susik_Gaboyan"]
[Result "1-0"]
[WhiteElo "2583"]
[BlackElo "2281"]
[TimeControl "180+1"]
[EndTime "10:06:18 PST"]
[Termination "kagg1125 won on time"]

1. e4 c5 2. Nf3 Nc6 3. b4 Nxb4 4. c3 Nc6 5. d4 cxd4 6. cxd4 d6 7. d5 Ne5 8. Nxe5 dxe5 9. Bb2 Qd6 10. Nc3 Bd7 11. Qb3 b6 12. Ba3 Qg6 13. g3 Nf6 14. Bg2 e6 15. d6 Bc6 16. Nb5 Bxe4 17. Nc7+ Kd8 18. O-O Bxg2 19. Kxg2 Qe4+ 20. f3 Qc6 21. Rac1 Qb7 22.
Nxa8 Qxa8 23. Rc7 1-0

[Event "*** Titled Tuesday Blitz"]
[Site "Chess.com"]
[Date "2021.02.02"]
[Round "1"]
[White "GelmanAlexander"]
[Black "Soltan49"]
[Result "1-0"]
[WhiteElo "2549"]
[BlackElo "2239"]
[TimeControl "180+1"]
[EndTime "10:06:18 PST"]
[Termination "GelmanAlexander won on time"]

1. d4 b6 2. e4 Bb7 3. Nc3 d6 4. f4 e6 5. Nf3 Nf6 6. Bd3 Nbd7 7. O-O c5 8. dxc5 bxc5 9. e5 Nd5 10. f5 Nxc3 11.
bxc3 exf5 12. exd6 Bxd6 13. Bxf5 Nf6 14. Qe2+ Be7 15.
Qb5+ Kf8 16. Qxb7 Rb8 17. Qxa7 1-0

[Event "*** Titled Tuesday Blitz"]
[Site "Chess.com"]
[Date "2021.02.02"]
[Round "1"]
[White "Matensien"]
[Black "VitaliyBernadskiy"]
[Result "0-1"]
[WhiteElo "2381"]
[BlackElo "2719"]
[TimeControl "180+1"]
[EndTime "10:06:20 PST"]
[Termination "VitaliyBernadskiy won by resignation"]

1. Nf3 d5 2. c4 d4 3. g3 c5 4. Bg2 Nc6 5. O-O e5 6. d3 Bd6 7. a3 a5 8. e3 Nge7 9. exd4 exd4 10.
Nbd2 f5 11. Re1 O-O 12. Ng5 Rf6 13. f4 h6 14. Ngf3 Re6 15. Rxe6 Bxe6 16. Qe2 Qd7 17. Ne5 Bxe5 18. fxe5 Re8 19. Nf3 g5 20. h4 g4 21. Nh2 h5 22. Bf4 Ng6 23. Rf1 Bf7 24. Bxc6 Qxc6 25. Re1 b5 26. b3 a4 27. cxb5 Qxb5 28.
bxa4 Qxa4 29. Qd2 Bd5 30. Bh6 Ba8 31. Kf2 Qc6 32. Rg1 Rxe5 33. Qg5 Qe6 34. Qd8+ Kh7 35. Rf1 Qa2+ 0-1

[Event "*** Titled Tuesday Blitz"]
[Site "Chess.com"]
[Date "2021.02.02"]
[Round "1"]
[White "remi04"]
[Black "NaciSAN"]
[Result "1-0"]
[WhiteElo "2592"]
[BlackElo "2291"]
[TimeControl "180+1"]
[EndTime "10:06:24 PST"]
[Termination "remi04 won on time"]

1. e4 e5 2. Nf3 Nc6 3. Bc4 Bc5 4. d3 Nf6 5. O-O h6 6. c3 O-O 7. d4 exd4 8. cxd4 Bb6 9. e5 Ne8 10. d5 Ne7 11. Nc3 d6 12. h3 dxe5 13. Nxe5 Nd6 14. Bd3 Bf5 15. Bf4 Bd4 16. Bxf5 Nexf5 17. Nf3 Bf6 18.
Qd3 a6 19. Rfe1 Re8 20. Rxe8+ Qxe8 21. Re1 Qd7 22. Ne5 Bxe5 23. Bxe5 Re8 24. Kf1 f6 25. Bf4 Rxe1+ 26. Kxe1 Qe7+ 27. Kf1 Qd7 28. g4 Ne7 29. a4 Kf7 30. b3 Ng6 31. Bg3 Qe7 32. Qd4 Ne5 33.
Kg2 Ng6 34. Qb4 Nf8 35. Bxd6 cxd6 36. Ne4 a5 37. Nxd6+ Kg8 38. Qf4 b6 39. Nf5 Qc5 40. Qe4 1-0

[Event "*** Titled Tuesday Blitz"]
[Site "Chess.com"]
[Date "2021.02.02"]
[Round "1"]
[White "ChessWarrior7197"]
[Black "SharapovEvgeny"]
[Result "1-0"]
[WhiteElo "2905"]
[BlackElo "2461"]
[TimeControl "180+1"]
[EndTime "10:06:25 PST"]
[Termination "ChessWarrior7197 won by resignation"]

1. e4 c5 2. Nf3 d6 3. d4 cxd4 4. Nxd4 Nf6 5. Nc3 Nc6 6. Bg5 Qb6 7. Nb3 e6 8. Qd2 Be7 9. O-O-O O-O 10. f3 Rd8 11.
Bd3 d5 12. exd5 exd5 13. Kb1 a5 14. Na4 Qc7 15. g4 Nb4 16. Bf4 Bd6 17. Bxd6 Rxd6 18. Nd4 Bd7 19. Bb5 Rc8 20. a3 Nc6 21. Bxc6 bxc6 22.
Nc5 Qb6 23. Qc3 Be6 24. Rhe1 Re8 25. g5 Nd7 26. Nf5 d4 27. Rxd4 Qxc5 28. Qxc5 Nxc5 29. Rxd6 Nb7 30. Rdd1 1-0